AoeStats
← FLOflo

Lombardia

509631136Analyzed
2v2 RM · 3d ago on Sep 27, 2026· 56m 27s· 4 players
Game mode
Random Map
Map size
Medium (4 player)
Population
200
Speed
Normal
Resources
Standard
Victory
Conquest
Starting age
Dark Age
Ending age
Imperial Age
RankedLock teamsTeams togetherTeam positionsShared explorationLock speedFull tech treeHidden civsTurbo modeCheats
Victory
Defeat
🇪🇸 Franks · Spain
1006
+15
🇪🇸 Varangians · Spain
999
+16
🇩🇪 Vikings · Germany
1012
-16
🇩🇪 Poles · Germany
971
-15
ueki_ya
7:19 Loom
9:45 Feudal Age
10:34 Double-Bit Axe
10:36 Horse Collar
18:29 Castle Age
17:14 Stone Mining
23:51 Forging
27:01 Szlachta Privileges
29:32 Scale Barding Armor
30:13 Wheelbarrow
29:46 Husbandry
29:57 Bloodlines
31:01 Iron Casting
33:10 Bow Saw
33:04 Heavy Plow
36:35 Imperial Age
35:48 Chain Barding Armor
35:18 Fletching
36:09 Hand Cart
36:44 Cavalier
37:31 Bodkin Arrow
38:39 Blast Furnace
42:29 Crop Rotation
42:27 Conscription
42:41 Light Cavalry
45:57 Winged Hussar
48:24 Lechitic Legacy
FLOflo
7:10 Loom
9:33 Feudal Age
11:06 Double-Bit Axe
11:09 Man-at-Arms
18:42 Castle Age
18:03 Scale Barding Armor
18:13 Forging
18:08 Arson
20:33 Squires
20:37 Horse Collar
21:55 Scale Mail Armor
22:31 Iron Casting
21:51 Gold Mining
22:13 Bow Saw
23:34 Pikeman
25:03 Town Watch
25:43 Chain Mail Armor
27:02 Heavy Plow
27:54 Iron Casting
31:52 Fletching
32:13 Elite Skirmisher
33:11 Bodkin Arrow
38:11 Imperial Age
38:01 Padded Archer Armor
39:41 Conscription
39:26 Chieftains
41:51 Elite Varangian Guard
43:07 Plate Mail Armor
43:09 Long Swordsman
46:24 Ballistics
45:55 Elite Berserk
47:39 Crop Rotation
48:12 Two-Man Saw
47:42 Bracer
49:27 Blast Furnace
52:29 Chemistry
52:34 Leather Archer Armor
53:03 Crossbowman
54:32 Ring Archer Armor
Esdlm
10:41 Feudal Age
13:43 Double-Bit Axe
16:16 Castle Age
16:17 Forging
22:13 Bow Saw
22:07 Husbandry
25:09 Iron Casting
25:59 Scale Barding Armor
26:34 Gold Mining
31:44 Gold Shaft Mining
32:05 Chain Barding Armor
39:43 Imperial Age
37:01 Loom
40:42 Elite Throwing Axeman
40:47 Cavalier
42:05 Plate Barding Armor
42:31 Blast Furnace
42:17 Paladin
43:17 Scale Mail Armor
43:47 Conscription
44:08 Wheelbarrow
43:42 Town Watch
49:09 Caravan
49:14 Stone Mining
51:22 Pikeman
52:02 Squires
51:27 Light Cavalry
mario19
7:15 Loom
9:52 Feudal Age
11:12 Double-Bit Axe
11:33 Horse Collar
14:04 Fletching
14:53 Bloodlines
22:00 Castle Age
20:57 Scale Barding Armor
21:10 Forging
21:15 Scale Barding Armor
24:36 Bow Saw
24:49 Chain Barding Armor
25:05 Iron Casting
27:34 Gold Mining
27:57 Heavy Plow
28:42 Wheelbarrow
32:21 Stone Mining
32:42 Husbandry
32:03 Light Cavalry
39:53 Imperial Age
37:43 Hand Cart
37:15 Town Watch
38:53 Town Patrol
41:43 Blast Furnace
42:10 Conscription
42:40 Stone Shaft Mining
43:11 Two-Man Saw
42:52 Plate Barding Armor
42:20 Elite Jarl
44:23 Hussar
48:36 Caravan
Connection lost

Rejoining the realm…

Still unreachable

The connection could not be restored.

Session expired

The server has moved on; the page needs a fresh start.